 Dungeon Crawl Stone Soup version 0.31-a0-1074-g0b22e4e0f1 (webtiles) character file.

Game seed: 13715057756443132779

3754 BigPumpCobain the Grappler (level 9, -2/88 HPs)
             Began as a Troll Shapeshifter on Dec 7, 2023.
             Was a Follower of Wu Jian.
             Succumbed to a killer bee's poison
             ... on level 8 of the Dungeon.
             The game lasted 00:08:59 (5621 turns).

BigPumpCobain the Grappler (Troll Shapeshifter)     Turns: 5621, Time: 00:09:00

Health: -2/88      AC:  7    Str: 28    XL:     9   Next: 93%
Magic:  8/8        EV: 11    Int:  6    God:    Wu Jian [*.....]
Gold:   493        SH:  0    Dex:  9    Spells: 8/8 levels left

rFire   . . .        p - +9 dagger of Conscience {flame, rN+ Will+}
rCold   . . .        (no shield)
rNeg    + . .        I - +0 steam dragon scales
rPois   .            (helmet currently unavailable)
rElec   .            (cloak currently unavailable)
rCorr   .            (gloves unavailable)
SInv    .            (boots unavailable)
Will    ++...        (no amulet)
Stlth   +            b - +4 ring of slaying
HPRegen 1.14/turn    w - ring of willpower
MPRegen 0.11/turn

%: no passive effects
@: lethally poisoned (-2 -> -13), beast-form
A: beast (slay +3), large, unfitting armour, claws 3, regeneration 1, shaggy fur
1, tough skin 1
a: Begin Untransformation, Renounce Religion


You were on level 8 of the Dungeon.
You worshipped Wu Jian.
Wu Jian was aware of your devotion.
You were a hulking beast.
You visited 2 branches of the dungeon, and saw 9 of its levels.

You collected 493 gold pieces.

Inventory:

Hand Weapons
 p - the +9 dagger of Conscience (weapon) {flame, rN+ Will+}
   (You found it on level 2 of the Dungeon)

   rN+:       It protects you from negative energy.
   Will+:     It increases your willpower.
Missiles
 o - 8 curare-tipped darts
 x - a throwing net
Armour
 I - +0 steam dragon scales (worn)
Jewellery
 b - a +4 ring of slaying (left claw)
 w - a ring of willpower (right claw)
 G - an amulet of guardian spirit
Talismans
 c - a beast talisman
 d - a flux talisman
Wands
 a - a wand of flame (16)
 v - a wand of mindburst (6)
 y - a wand of light (16)
Scrolls
 e - 7 scrolls of identify {unknown}
 h - 2 scrolls of silence {unknown}
 j - 3 scrolls of teleportation {unknown}
 n - 2 scrolls of fear {unknown}
 s - 3 scrolls of poison {unknown}
 B - 3 scrolls of immolation {unknown}
 D - a scroll of fog {unknown}
 E - a scroll of noise {unknown}
 F - a scroll of blinking {unknown}
 H - a scroll of torment {unknown}
Potions
 f - a potion of resistance {unknown}
 g - 5 potions of ambrosia {unknown}
 i - 4 potions of curing {unknown}
 k - 2 potions of enlightenment {unknown}
 l - 2 potions of degeneration {unknown}
 m - 2 potions of mutation {unknown}
 q - a potion of attraction {unknown}
 r - a potion of berserk rage {unknown}
 t - 2 potions of heal wounds {unknown}
 u - a potion of invisibility {unknown}
 z - 2 potions of might {unknown}
 A - a potion of magic {unknown}
 C - 2 potions of cancellation {unknown}


   Skills:
 + Level 5.3 Fighting
 + Level 5.5 Dodging
 * Level 9.6 Unarmed Combat
 + Level 6.5 Shapeshifting


You had 8 spell levels left.
You didn't know any spells.
Your spell library contained the following spells:

 Spells                   Type           Power      Damage    Failure   Level
 Kiss of Death            Conj/Necr      0%         2d5       45%         1
 Confusing Touch          Hex            0%         N/A       83%         3
 Ignite Poison            Fire/Tmut/Pois 0%         N/A       83%         3
 Volatile Blastmotes      Fire/Tloc      0%         2d10      83%         3
 Anguish                  Hex/Necr       0%         N/A       99%         4
 Cause Fear               Hex            0%         N/A       99%         4
 Dimensional Bullseye     Hex/Tloc       0%         N/A       99%         4
 Dispel Undead            Necr           0%         3d6       99%         4
 Fulminant Prism          Conj/Hex       0%         3d5       99%         4
 Iskenderun's Mystic Bla  Conj/Tloc      0%         2d3       99%         4
 Yara's Violent Unravell  Hex/Tmut       0%         3d3       100%        5
 Enfeeble                 Hex            0%         N/A       100%        7


Dungeon Overview and Level Annotations

Branches:
Dungeon (8/15)             Temple (1/1) D:5
   Lair: D:8-11

Altars:
Ashenzari
Cheibriados
Dithmenos
Gozag
Hepliaklqana
Kikubaaqudgha
Makhleb
Okawaru
Qazlal
Ru
Sif Muna
Trog
Vehumet
Wu Jian
Xom

Shops:
D:5 (   D:6 !


Innate Abilities, Weirdness & Mutations

You are a hulking beast.
Your limbs bulge with bestial killing power. (Slay +3)
You are too large for most types of armour.
You have claws for hands.
Your natural rate of healing is unusually fast.
You are covered in fur. (AC +1)
You have tough skin. (AC +1)


Message History

The killer bee is lightly wounded.
You feel sick. The killer bee stings you.
You are more poisoned.
The killer bee poisons you! The killer bee stings you.
You are more poisoned.
The killer bee poisons you!
The killer bee stings you but does no damage. x2
You spin and attack the killer bee.
You closely miss the killer bee.
The killer bee is lightly wounded.
You spin and attack the killer bee.
You barely miss the killer bee.
You feel very sick. The killer bee misses you. The killer bee stings you.
* * * LOW HITPOINT WARNING * * *
You are more poisoned.
The killer bee poisons you! The killer bee closely misses you. x2
The killer bee barely misses you.
You puncture the killer bee! You burn the killer bee.
You kill the killer bee!
The Council accepts your kill.
You feel extremely sick. The killer bee barely misses you.
The killer bee stings you.
* * * LOW HITPOINT WARNING * * *
You are lethally poisoned!
The killer bee poisons you! The killer bee barely misses you.
The killer bee stings you but does no damage.
You spin and attack the killer bee.
You puncture the killer bee! You burn the killer bee.
You kill the killer bee!
The Council accepts your kill.
* * * LOW HITPOINT WARNING * * *
You feel extremely sick. The killer bee misses you.
You hit the killer bee. You burn the killer bee.
The killer bee is heavily wounded.
* * * LOW HITPOINT WARNING * * *
You feel very sick. The killer bee stings you.
* * * LOW HITPOINT WARNING * * *
The killer bee barely misses you.
You die...

######### ........#
########.#
#<.......#######
#.######.........#
.......'(........+
#.######....†....#####
####h.y†........
#.########### ...#
.....# #.....#
.......+ ##.....#
......#


You could see a killer bee.

Vanquished Creatures
  Pikel (D:4)
  Maggie (D:7)
  Prince Ribbit (D:5)
  The ghost of timneilson the Insei, an amateur OpSh (D:3)
  A wyvern (D:7)
  Eustachio (D:4)
  A steam dragon (D:6)
  2 water moccasins (D:5)
  A black bear (D:5)
  Duvessa (D:7)
  A sky beast (D:6)
  An ogre (D:6)
  2 phantoms
  3 kobold brigands
  3 bullfrogs
  3 scorpions
  Dowan (D:7)
  5 killer bees (D:8)
  2 howler monkeys (D:7)
  A hound (D:5)
  2 orc priests (D:5)
  Crazy Yiuf (D:7)
  3 sleepcaps
  4 iguanas
  3 orc wizards (D:5)
  3 gnolls (D:5)
  7 adders
  A shadow imp (D:5)
  A white imp (D:6)
  2 worms
  2 dart slugs
  10 orcs
  3 bats
  5 endoplasms
  2 giant cockroaches
  5 goblins
  9 hobgoblins
  5 jackals (D:1)
  2 quokkas
  4 ball pythons
  3 frilled lizards
  17 kobolds
  2 rats
129 creatures vanquished.

Notes
Turn   | Place    | Note
-------+----------+-------------------------------------------
     0 | D:1      | BigPumpCobain the Troll Shapeshifter began the quest for
                  | the Orb.
     0 | D:1      | Reached XP level 1. HP: 18/18 MP: 0/0
    31 | D:1      | Reached skill level 1 in Fighting
    70 | D:1      | Reached XP level 2. HP: 27/27 MP: 1/1
   205 | D:1      | Found a faded altar of an unknown god.
   206 | D:1      | Noticed an eye of devastation
   210 | D:1      | Noticed a glass eye
   218 | D:1      | Noticed a shining eye
   227 | D:1      | Noticed an eye of devastation
   604 | D:1      | Reached XP level 3. HP: 31/33 MP: 2/2
   941 | D:2      | Identified the +9 dagger of Conscience {flame, rN+ Will+}
  1427 | D:3      | Reached XP level 4. HP: 36/41 MP: 3/3
  1505 | D:3      | Reached skill level 4 in Unarmed Combat
  1709 | D:3      | Noticed timneilson's ghost (amateur OpSh)
  1715 | D:3      | Found a runed translucent door.
  1732 | D:3      | Killed timneilson's ghost
  1733 | D:3      | Reached XP level 5. HP: 30/49 MP: 4/4
  1795 | D:3      | Reached XP level 6. HP: 57/57 MP: 5/5
  1941 | D:4      | Noticed Eustachio
  2106 | D:4      | Killed Eustachio
  2107 | D:4      | Reached skill level 5 in Unarmed Combat
  2303 | D:4      | Reached XP level 7. HP: 62/66 MP: 6/6
  2311 | D:4      | Found a hazy altar of Hepliaklqana.
  2326 | D:4      | Noticed Pikel
  2341 | D:4      | Killed Pikel
  2342 | D:4      | Reached skill level 6 in Unarmed Combat
  2342 | D:4      | Reached XP level 8. HP: 13/75 MP: 7/7
  3036 | D:5      | Entered Level 5 of the Dungeon
  3053 | D:5      | Reached skill level 7 in Unarmed Combat
  3061 | D:5      | Found a shadowy altar of Dithmenos.
  3064 | D:5      | Reached skill level 5 in Shapeshifting
  3112 | D:5      | Found Iriut's Weapon Shop.
  3203 | D:5      | Found a staircase to the Ecumenical Temple.
  3242 | Temple   | Entered the Ecumenical Temple
  3264 | Temple   | Became a worshipper of the Wu Jian Council
  3796 | D:5      | Noticed Prince Ribbit
  3806 | D:5      | Killed Prince Ribbit
  3807 | D:5      | Reached skill level 8 in Unarmed Combat
  3957 | D:6      | Reached XP level 9. HP: 79/85 MP: 8/8
  4094 | D:6      | Found Omuv's Distillery.
  4246 | D:6      | Found a radiant altar of Vehumet.
  4670 | D:7      | Noticed Maggie
  4678 | D:7      | Killed Maggie
  4679 | D:7      | Reached skill level 5 in Dodging
  4697 | D:7      | Identified the +2 quarterstaff "Hiogeriafi" {flame, rElec
                  | rF+}
  4703 | D:7      | Found a flagged portal.
  4818 | D:7      | Reached * piety under Wu Jian
  4819 | D:7      | Reached skill level 9 in Unarmed Combat
  4908 | D:7      | Found a runed translucent door.
  4909 | D:7      | Noticed Crazy Yiuf
  4929 | D:7      | Found a sacrificial altar of Ru.
  4976 | D:7      | Got the Anthology of Evolution and Bewitchment
  4978 | D:7      | Found a shimmering altar of Xom.
  5130 | D:7      | Found an opulent altar of Gozag.
  5190 | D:7      | Reached skill level 5 in Fighting
  5246 | D:7      | Noticed Dowan
  5247 | D:7      | Noticed Duvessa
  5259 | D:7      | Killed Duvessa
  5261 | D:7      | Killed Dowan
  5535 | D:7      | Killed Crazy Yiuf
  5620 | D:8      | HP: 1/88 [killer bee (4)]
  5621 | D:8      | Succumbed to a killer bee's poison

Illustrated notes

Levels and vault maps discovered:
D:1:      roderic_crop_circles_arrival_small, layout_basic,
          hellmonk_ecumenical_altar_watching_god, minmay_pentomino_p4
D:2:      layout_rooms
D:3:      layout_basic, hellmonk_ghost_happy_afterlife
D:4:      layout_basic, nicolae_hepliaklqana_hazy_memory,
          nicolae_elevator_lobby_plus, uniq_pikel, uniq_eustachio
D:5:      layout_cave_pods, amcnicky_altar_gilded,
          minmay_temple_entry_junction_2, serial_shops, nicolae_shop_stone,
          uniq_prince_ribbit1
D:6:      layout_loops_ring, nicolae_overflow_crystal_walls, serial_shops,
          nicolae_shop_real_fake_doors
D:7:      layout_basic, nicolae_gozag_seed_capital,
          nicolae_overflow_hidden_temple, nicolae_ru_sacrificial_ziggurat,
          enter_bailey_8, kennysheep_big_empty_room, minmay_misc_feat_diagonals,
          uniq_maggie, uniq_duvessa, uniq_crazy_yiuf_cottage
D:8:      layout_basic, due_lair_maze_entry_diamond, uniq_jeremiah
Temple:   jpeg_temple_island

Skill      XL: |  1  2  3  4  5  6  7  8  9 |
---------------+----------------------------+-----
Fighting       | 1 2 3 4 5 |  5.3
Dodging        | 2 3 4 5 |  5.5
Unarmed Combat | 4 5 6 8 9 |  9.6
Shapeshifting  | 4 5 6 |  6.5

Action                     |  1- 3 |  4- 6 |  7- 9 || total
---------------------------+-------+-------+-------++-------
  Melee: Unarmed           |    45 |       |       ||    45
         Dagger            |    37 |    74 |   206 ||   317
         Punch             |       |     1 |    17 ||    18
Ability: Lunge             |       |       |    15 ||    15
         Whirlwind         |       |       |    19 ||    19
    Use: Potion            |       |       |     1 ||     1
   Stab: Sleeping          |     1 |     1 |       ||     2
 Armour: Animal skin       |    52 |    72 |    86 ||   210
         Skin              |       |       |    27 ||    27
         Steam dragon scal |       |       |    53 ||    53
  Dodge: Dodged            |    47 |    52 |   102 ||   201

Table legend: (Time is in decaauts)
 A = Elapsed time spent in this place.
 B = Non-inter-level travel time spent in this place.
 C = Inter-level travel time spent in this place.
 D = Time resting spent in this place.
 E = Time spent auto-exploring this place.
 F = Levels seen in this place.
 G = Mean time per level.
                   A        B        C        D        E       F      G
               +--------+--------+--------+--------+--------+-----+--------+
         Total |   5617 |   5399 |    218 |    292 |   4292 |   9 |  624.1 |
       Dungeon |   5576 |   5376 |    200 |    292 |   4292 |   8 |  697.0 |
        Temple |     40 |     22 |     18 |      0 |      0 |   1 |   40.0 |
               +--------+--------+--------+--------+--------+-----+--------+

Top non-repeatable levels by time:
     D:7: 1013 daAuts
     D:4: 963 daAuts
     D:1: 894 daAuts
     D:5: 873 daAuts
     D:3: 653 daAuts
     D:6: 619 daAuts
     D:2: 523 daAuts
  Temple: 40 daAuts
     D:8: 34 daAuts
